Map: Mothership LE

Players

herO - Winner!

  • Race: Protoss Protoss
  • League: Master
  • Spawn Location: 6:00

VITMaru (Maru)

  • Race: Terran Terran
  • Spawn Location: 9:00

VOD

Have the link to the VOD?

Description

Time

  • Played on: Nov. 23, 2025, 6:29 a.m.
  • Length: 11:06
Show
View Real Time Build Order
Export as new Build Order

herO Protoss - Winner!

Build Orders: 1 Gate Expand, Phoenix Opening, Archon Immortal, Blink Stalkers 

Get SALT Encoding   

  12  0:00  Probe  
  13  0:12  Probe  
  14  0:18  Pylon  
  14  0:23  Probe  
  15  0:32  Probe  
  15  0:37  Gateway  
  15  0:40  Probe  
  16  0:46  Assimilator  
  17  0:52  Probe  
  18  1:04  Probe  
  19  1:16  Probe  
  20  1:22  Nexus  
  20  1:31  Cybernetics Core  
  20  1:35  Probe  
  21  1:40  Assimilator  
  21  1:47  Probe  
  21  1:49  Pylon  
  22  1:59  Probe  
  22  2:00  Sentry  
  25  2:09  Warp Gate  
  25  2:11  Probe  
  26  2:17  Stalker  
  26  2:23  Probe  
  29  2:32  Probe  
  29  2:33  Probe  
  29  2:35  Phoenix  
  31  2:37  Shield Battery  
  31  2:39  Twilight Council  
  31  2:42  Probe x2  
  31  2:47  Blink  
  31  2:50  Stalker  
  33  2:54  Probe  
  33  2:56  Probe  
  37  3:08  Gateway  
  37  3:10  Probe  
  37  3:11  Probe  
  39  3:23  Probe x2  
  41  3:29  Pylon  
  41  3:36  Probe x2, Gateway  
  43  3:48  Probe  
  43  3:49  Probe  
  43  3:52  Shield Battery  
  43  3:55  Assimilator  
  45  3:56  Assimilator  
  45  3:57  Stalker  
  47  4:02  Stalker  
  47  4:03  Probe x2  
  47  4:06  Phoenix  
  47  4:08  Pylon  
  51  4:11  Robotics Facility  
  51  4:15  Probe  
  51  4:16  Probe  
  53  4:28  Stalker  
  55  4:33  Probe x2  
  55  4:35  Stalker x2  
  61  4:47  Pylon  
  61  4:50  Nexus  
  61  4:56  Templar Archives  
  61  4:57  Observer  
  62  5:05  Charge  
  62  5:07  Probe  
  62  5:08  Probe  
  64  5:15  Observer  
  64  5:16  Pylon  
  64  5:17  Gateway, Pylon  
  64  5:20  Probe x2  
  67  5:22  Shield Battery  
  67  5:26  Psionic Storm  
  67  5:31  Gateway  
  67  5:33  Probe x2  
  67  5:35  High Templar  
  71  5:44  Warp Prism  
  71  5:47  High Templar  
  75  5:50  Probe x2  
  77  6:01  High Templar, Gateway  
  77  6:02  Probe, Gateway  
  77  6:03  Probe  
  81  6:05  Probe  
  82  6:12  Probe  
  82  6:15  Probe, Gateway  
  82  6:17  Forge  
  84  6:19  High Templar  
  84  6:20  Probe  
  84  6:21  Probe  
  88  6:28  Probe  
  88  6:29  High Templar, Zealot  
  88  6:30  Probe  
  93  6:33  Probe  
  93  6:35  Immortal  
  93  6:38  Zealot  
  97  6:41  Gateway  
  97  6:42  Gateway  
  98  6:49  Pylon  
  98  6:51  Protoss Ground Weapons Level 1  
  101  6:56  Nexus  
  101  7:01  Pylon  
  101  7:08  Immortal  
  101  7:11  High Templar, Zealot x2  
  107  7:16  Zealot  
  107  7:18  Pylon  
  107  7:21  Zealot x2  
  117  7:22  Shield Battery  
  117  7:24  Pylon  
  116  7:42  Archon  
  116  7:44  Zealot x8, Observer  
  101  7:58  Immortal  
  84  8:07  High Templar, Zealot x9  
  98  8:27  Stalker  
  98  8:28  Stalker x7  
  98  8:31  Warp Prism  
  114  8:34  High Templar  
  114  8:35  Probe  
  114  8:36  Probe x3  
  114  8:38  Protoss Ground Armor Level 1  
  122  8:51  Zealot  
  122  8:52  Zealot x3  
  122  8:53  Sentry  
  132  8:58  Probe x4  
  136  9:05  High Templar  
  138  9:15  Zealot x5  
  148  9:23  Zealot  
  148  9:28  Pylon x2  
  148  9:29  Nexus  
  148  9:30  Pylon  
  148  9:33  Immortal  
  148  9:37  Pylon  
  148  9:47  Archon  
  148  9:50  Stalker x3  
  148  9:51  Stalker  
  134  9:56  Zealot x6  
  132  10:01  Immortal  
  108  10:14  Zealot x4  
  108  10:17  Zealot x6  
  120  10:36  High Templar x2  
  120  10:37  Zealot x4  
  120  10:38  Zealot x4  
  120  10:41  Archon  
  128  10:48  Probe x5  
  119  11:00  High Templar x2  
  119  11:01  Zealot x6  
Show
View Real Time Build Order
Export as new Build Order

VITMaru Terran 

Build Orders: Gas First Reaper Expand 

Get SALT Encoding   

  12  0:00  SCV  
  13  0:12  SCV  
  14  0:17  Supply Depot  
  14  0:24  SCV  
  15  0:28  Refinery  
  15  0:39  SCV  
  16  0:45  Barracks  
  16  0:51  SCV  
  17  1:03  SCV  
  18  1:15  SCV  
  19  1:32  Orbital Command, Reaper  
  20  1:43  Command Center  
  20  1:54  Factory  
  20  1:57  SCV  
  21  2:06  Refinery  
  21  2:09  Barracks Reactor, SCV  
  21  2:15  Supply Depot  
  22  2:21  SCV  
  23  2:36  SCV  
  24  2:38  Factory Tech Lab  
  24  2:46  Marine x2  
  24  2:48  SCV  
  24  2:49  Starport  
  27  2:59  Orbital Command  
  27  3:01  Cyclone  
  27  3:02  SCV  
  30  3:08  Marine x2  
  32  3:14  SCV  
  33  3:25  Medivac  
  33  3:26  SCV x2, Marine x2  
  39  3:32  Supply Depot  
  39  3:38  SCV  
  40  3:44  Siege Tank, Marine x2  
  40  3:47  SCV  
  46  3:51  Supply Depot  
  46  3:54  SCV  
  47  3:56  Barracks  
  47  3:58  Starport Tech Lab  
  47  4:01  SCV  
  48  4:05  Marine x2  
  48  4:07  SCV  
  51  4:13  SCV  
  52  4:17  Siege Tank  
  52  4:19  SCV  
  56  4:25  SCV  
  56  4:26  Marine x2  
  58  4:31  SCV  
  58  4:33  Refinery, Engineering Bay  
  58  4:37  SCV  
  59  4:39  Supply Depot  
  59  4:42  Barracks  
  59  4:43  SCV  
  60  4:48  Supply Depot  
  60  4:49  SCV, Marine  
  60  4:50  Stimpack  
  62  5:00  Supply Depot, Terran Infantry Weapons Level 1, Marine x2  
  62  5:03  SCV x2  
  62  5:05  Refinery  
  66  5:08  Siege Tank  
  66  5:10  Marine  
  66  5:14  Starport Reactor, Supply Depot  
  70  5:18  Marine x2  
  70  5:20  SCV  
  73  5:23  Supply Depot  
  73  5:29  Marauder  
  73  5:32  Supply Depot, SCV  
  73  5:34  SCV  
  77  5:36  Marine  
  78  5:43  Combat Shield  
  78  5:44  Marauder  
  78  5:48  Marine  
  81  5:50  Factory Reactor, Marauder  
  81  5:51  Supply Depot  
  81  5:52  SCV x2  
  85  5:58  Medivac x2  
  85  6:02  Marine  
  90  6:06  Marauder  
  92  6:11  Marauder  
  92  6:14  Command Center  
  93  6:23  Marine x2  
  95  6:27  Marauder  
  95  6:31  Liberator x2  
  103  6:33  Marauder  
  103  6:35  Widow Mine x2  
  109  6:42  Supply Depot  
  109  6:43  Marine x2  
  109  6:44  Concussive Shells  
  111  6:49  Marauder  
  113  6:58  Widow Mine x2  
  117  7:04  Supply Depot  
  117  7:14  Liberator x2  
  123  7:17  Marauder, Marine  
  126  7:25  Marine  
  126  7:26  Orbital Command, Widow Mine x2, Marauder  
  133  7:36  Terran Infantry Armor Level 1  
  133  7:39  Marauder  
  134  7:47  Marauder  
  136  7:57  Medivac  
  117  7:59  SCV x3  
  94  8:06  Widow Mine x2  
  94  8:07  Medivac  
  94  8:11  SCV x2  
  102  8:16  Ghost Academy  
  102  8:19  Orbital Command  
  102  8:23  SCV  
  102  8:27  Medivac, SCV  
  91  8:29  Barracks  
  91  8:30  Marauder x2, Marine x2  
  84  8:35  SCV  
  84  8:37  Medivac  
  87  8:45  Widow Mine x2  
  87  8:48  Marine x2  
  93  8:50  Barracks  
  93  8:52  Ghost x2  
  97  9:00  Medivac  
  99  9:05  SCV x2, Marine  
  99  9:06  Marine  
  103  9:14  Widow Mine x2  
  107  9:17  SCV x3  
  107  9:22  Marauder x2  
  107  9:23  Marine  
  107  9:24  Barracks Tech Lab  
  113  9:28  Marine  
  113  9:30  SCV x3  
  117  9:41  Ghost, Marine  
  117  9:42  Ghost  
  117  9:43  Marine  
  117  9:44  Barracks Tech Lab, SCV  
  117  9:45  SCV x2  
  126  9:46  Marine  
  126  9:51  Widow Mine  
  112  9:59  Marine  
  110  10:01  Marauder  
  110  10:02  Medivac  
  110  10:04  Marine  
  110  10:05  SCV  
  110  10:06  SCV  
  112  10:11  Marauder  
  112  10:12  Marauder, Marine  
  99  10:17  Marine  
  99  10:18  SCV x2  
  86  10:21  Marine  
  86  10:22  Marauder  
  80  10:30  SCV, Marauder  
  80  10:32  Marauder  
  80  10:33  Marauder  
  80  10:35  Marine  
  85  10:39  Marine  
  67  10:44  Marauder  
Tags
 
Add a new tag
Caveats
  • Supply blocks, unpowered buildings, or Contaminate may cause inaccurate times.
  • Supply counts are checked every 10 seconds.